 Dungeon Crawl Stone Soup version 0.18.1-48-g4cf74bf (webtiles) character file.

47114 dvd the Pioneer (level 14, -8/123 HPs)
             Began as a Deep Dwarf Artificer on Aug 30, 2016.
             Was an Elder of Pakellas.
             Mangled by an ogre
             ... wielding a cursed +0 giant club
              (14 damage)
             ... on level 2 of the Orcish Mines.
             The game lasted 02:30:39 (19590 turns).

dvd the Pioneer (Deep Dwarf Artificer)             Turns: 19590, Time: 02:30:39

Health: -8/123     AC: 16    Str: 17    XL:     14   Next: 7%
Magic:  6/25       EV: 18    Int: 15    God:    Pakellas [****..]
Gold:   1799       SH: 14    Dex: 16    Spells: 0 memorised, 13 levels left

rFire  + . .     SeeInvis +     a - +1 flail (protect)
rCold  + . .     Gourm    .     e - +1 ring mail {MR+}
rNeg   + . .     Faith    .     l - +2 shield
rPois  .         Spirit   .     z - +1 hat
rElec  .         Dismiss  .     x - +0 cloak
rCorr  .         Reflect  .     (no gloves)
SustAt .         Harm     .     Z - +0 pair of boots
MR     +++..                    m - amulet of rage
Stlth  +++++.....               b - ring of see invisible
                                Q - ring of protection from fire

@: non-regenerating, extremely resistant to hostile enchantments, quite stealthy
A: damage resistance, recharge devices, repulsion field 1, thin skeletal
structure 1, cold resistance 1, negative energy resistance 1, sense surroundings
2, slow regeneration 3, wild magic 2
a: Device Recharging, Quick Charge, Device Surge, Renounce Religion, Evoke
Berserk Rage


You were on level 2 of the Orcish Mines.
You worshipped Pakellas.
Pakellas was greatly pleased with you.
You were very hungry.

You visited 4 branches of the dungeon, and saw 21 of its levels.

You collected 1799 gold pieces.

Inventory:

Hand Weapons
 a - a +1 flail of protection (weapon)
 n - a +3 dagger of draining
 w - a +0 morningstar of freezing
 K - the cursed +1 hand axe "Watyoc" {chop, rElec MP+9 Int+4}
   (You found it on level 3 of the Lair of Beasts)

   It inflicts extra damage upon your enemies.
   It affects your intelligence (+4).
   It insulates you from electricity.
   It affects your magic capacity (+9).
   It has a curse placed upon it.
 X - a +2 dagger of flaming
Missiles
 h - 2 tomahawks of returning (quivered)
Armour
 e - a +1 ring mail of magic resistance (worn)
 l - a +2 shield (worn)
 o - the +0 chain mail of the Oligarchy {rC+ Int+2}
   (You found it on level 10 of the Dungeon)

   It affects your intelligence (+2).
   It protects you from cold.
 x - a +0 cloak (worn)
 z - a +1 hat (worn)
 T - the +2 robe of the Falcon {rElec}
   (You found it on level 2 of the Lair of Beasts)

   It insulates you from electricity.
 Z - a +0 pair of boots (worn)
Jewellery
 b - a ring of see invisible (right hand)
 i - a +4 ring of strength
 m - an amulet of rage (around neck)
 q - an uncursed ring of protection from cold
 F - a +4 ring of intelligence
 Q - a ring of protection from fire (left hand)
 W - an uncursed ring of positive energy
Wands
 d - a wand of enslavement (0/24)
 f - a wand of heal wounds (1/9)
 k - a wand of paralysis (3/24)
 p - a wand of confusion (2/48)
 r - a wand of lightning (0/15)
 y - a wand of digging (6/24)
 E - a wand of random effects (0/48)
 G - a wand of iceblast (2/15)
 U - a wand of flame (9/48)
Scrolls
 j - 9 scrolls of identify
 s - 4 scrolls of fog
 u - 4 scrolls of blinking
 A - 3 scrolls of teleportation
 B - 3 scrolls of magic mapping
 J - 3 scrolls of amnesia
 V - 5 scrolls of remove curse
Potions
 C - 2 potions of haste
 I - 2 potions of heal wounds
 L - 2 potions of flight
 Y - 3 potions of curing
Books
 D - a book of Dreams

   Spells                             Type                      Level
   a - Ensorcelled Hibernation        Hexes/Ice                    2
   b - Silence                        Hexes/Air                    5
   c - Darkness                       Hexes                        6
   d - Shadow Creatures               Summoning                    6
 H - a book of Ice

   Spells                             Type                      Level
   a - Ice Form                       Ice/Transmutation            4
   b - Metabolic Englaciation         Hexes/Ice                    5
   c - Ozocubu's Refrigeration        Ice                          6
   d - Bolt of Cold                   Conjuration/Ice              6
   e - Freezing Cloud                 Conjuration/Ice/Air          6
   f - Simulacrum                     Ice/Necromancy               6
Miscellaneous
 t - a disc of storms
 O - a box of beasts {used: 5}
Comestibles
 c - 49 fruits
 g - 15 bread rations
 M - 8 beef jerkies
 N - 7 slices of pizza
 R - 6 meat rations


   Skills:
 + Level 7.3 Fighting
 + Level 2.6 Short Blades
 + Level 9.4 Maces & Flails
 + Level 3.1 Throwing
 + Level 9.2 Armour
 + Level 9.4 Dodging
 + Level 11.5 Stealth
 + Level 10.4 Shields
 * Level 15.3 Evocations


You had 13 spell levels left.
You didn't know any spells.

Dungeon Overview and Level Annotations

Branches:
Dungeon (11/15)            Temple (1/1) D:5            Lair (7/8) D:11
 Shoals (0/4) Lair:3        Snake (0/4) Lair:5        Slime (0/6) Lair:6
    Orc (2/2) D:10            Elf (0/3) Orc:2

Altars:
Ashenzari
Cheibriados
Dithmenos
Elyvilon
Fedhas
Gozag
Kikubaaqudgha
Makhleb
Nemelex Xobeh
Okawaru
Pakellas
Qazlal
Ru
Sif Muna
Trog
Vehumet
Xom
Yredelemnul
Zin
The Shining One
Beogh

Shops:
D:6 *   D:9 :

Annotations:
Orc:2 dvd's ghost, journeyman DsNe


Innate Abilities, Weirdness & Mutations

You are resistant to damage.
You can recharge devices by infusing magical energy.
You resist negative energy.
You passively map the area around you.
You do not regenerate naturally.
You are surrounded by a mild repulsion field (EV +2).
You have a somewhat thin skeletal structure (Dex +2, Stealth).
Your flesh is cold resistant.
Your spells are harder to cast, but more powerful.


Message History

The crystal spear hits you!
* * * LOW HITPOINT WARNING * * *
Evoke which item? (* to show all) (? for menu, Esc to quit)
Zapping:
f - a wand of heal wounds (2/9)
Press: ? - help, Shift-Dir - straight line, f - you, p - ogre mage You feel much better.
This wand has 1 charge left.
The ogre mage closely misses you.
The ogre mage hits you but does no damage. x2
You sock the ogre mage!
The ogre mage is lightly wounded.
The ogre hits you with a giant club!
The ogre mage points at you and mumbles some strange words.
The crystal spear hits you!
* * * LOW HITPOINT WARNING * * *
Unknown command.
Evoke which item? (* to show all) (? for menu, Esc to quit)
That item cannot be evoked!
You block the ogre mage's attack. The ogre hits you with a giant club!
You die...
Pakellas says: That's one more possible approach eliminated.

.### , , .#.## #...## ### , ,
#....###.#### * , ,
.....#....#.#### , *
.........#...#.## #,
.....#.#.##.#...## .#
..........#.#....##########..##..
..##...........O@O).).(..).)O))OO
...#.............##########.O###.
..............<...## ..# *
..............#....# ,...
.......#.......##.## ...
..............##### ,..
...............###*### ,,.
................)##..## * ,
......................#


You could see an ogre mage and an ogre.

Vanquished Creatures
  Gastronok (Orc:1)
  Kirke (Lair:5)
  Harold (D:11)
  4 hydras
  Erica (Orc:1)
  3 ogre magi
  8 death yaks
  Nergalle (D:10)
  An unseen horror (D:11)
  A swamp dragon (D:7)
  2 hill giants (D:10)
  Pikel (D:5)
  A lindwurm (Lair:7)
  A cyclops (D:11)
  2 ugly things
  9 elephants (Lair:7)
  8 spiny frogs
  A gargoyle (D:10)
  5 black mambas
  5 komodo dragons
  A troll (D:7)
  A polar bear (Lair:7)
  A merfolk (Lair:3)
  Grinder (D:5)
  4 two-headed ogres
  12 blink frogs
  Sigmund (D:6)
  9 yaks
  A basilisk (Lair:3)
  A hungry ghost (D:8)
  4 hippogriffs
  Menkaure (D:6)
  A warg (Orc:2)
  10 water moccasins
  10 porcupines
  A sky beast (D:10)
  4 ice beasts
  7 orc warriors
  A phantom (D:6)
  A necrophage (D:8)
  A wasp (D:10)
  16 ogres
  3 centaurs
  13 crocodiles
  29 giant frogs
  A wyvern zombie (D:10)
  Blork the orc (D:6)
  4 scorpions
  A wyvern skeleton (D:10)
  A killer bee (D:10)
  2 wights (D:9)
  A centaur zombie (D:9)
  2 crimson imps (D:9)
  2 howler monkeys
  A quasit (D:10)
  7 orc priests
  A centaur skeleton (D:10)
  8 hounds
  A jelly (D:8)
  15 orc wizards
  5 iguanas
  3 worker ants
  5 hell rats
  A killer bee zombie (D:7)
  9 sheep
  2 hound zombies (D:9)
  2 hound skeletons
  A worker ant zombie (D:5)
  13 adders
  63 river rats
  A shadow imp (D:8)
  2 worms
  3 dart slugs
  A giant gecko (D:3)
  64 orcs
  2 bat zombies (D:1)
  8 giant cockroaches
  5 goblins
  5 hobgoblins
  10 jackals
  3 kobolds
  3 quokkas
  3 ball pythons
  5 bats
  2 giant newts
  17 rats
  A fungus (Lair:4)
478 creatures vanquished.

Vanquished Creatures (collateral kills)
  A hydra (Lair:6)
  3 death yaks
  A spiny frog (Lair:6)
  3 komodo dragons
  A polar bear (Lair:5)
  2 two-headed ogres (Orc:2)
  A blink frog (Lair:7)
  A yak (D:9)
  3 hippogriffs
  4 ogres (Orc:2)
  2 crocodiles (Lair:5)
  A giant frog (Lair:5)
  A wight (D:9)
  An iguana (Lair:5)
  2 orcs
  A kobold (D:1)
  A fungus (Lair:7)
29 creatures vanquished.

Vanquished Creatures (others)
  2 two-headed ogres (Orc:2)
  4 yaks
  2 humans (Lair:5)
  A centaur (D:5)
  A crimson imp (D:5)
  An orc priest (D:5)
  An orc wizard (D:3)
  A worker ant (D:5)
  An adder (D:2)
  4 orcs (D:4)
  2 jackals (D:1)
  A ball python (D:2)
  A kobold (D:2)
  A bush (D:5)
  23 fungi
  7 plants (Lair:7)
53 creatures vanquished.

Grand Total: 560 creatures vanquished

Notes
Turn   | Place    | Note
--------------------------------------------------------------
     0 | D:1      | dvd the Deep Dwarf Artificer began the quest for the Orb.
     0 | D:1      | Reached XP level 1. HP: 16/16 MP: 3/3
    59 | D:1      | Reached skill level 1 in Short Blades
   182 | D:1      | Reached skill level 1 in Fighting
   248 | D:1      | Reached XP level 2. HP: 25/25 MP: 5/5
  1146 | D:2      | Reached XP level 3. HP: 19/31 MP: 6/6
  1442 | D:2      | Reached skill level 5 in Evocations
  1649 | D:3      | Reached skill level 1 in Armour
  1649 | D:3      | Reached XP level 4. HP: 18/38 MP: 7/7
  1688 | D:3      | Reached skill level 1 in Throwing
  1702 | D:3      | Found a faded altar to an unknown god.
  2124 | D:4      | Reached skill level 1 in Shields
  2124 | D:4      | Reached XP level 5. HP: 44/44 MP: 7/9
  2309 | D:4      | Reached XP level 6. HP: 15/51 MP: 10/10
  2605 | D:5      | Entered Level 5 of the Dungeon
  2606 | D:5      | Noticed a slave
  2607 | D:5      | Noticed Pikel
  2607 | D:5      | Noticed a slave
  2607 | D:5      | Noticed a slave
  2608 | D:5      | Noticed a slave
  2619 | D:5      | Killed Pikel
  2619 | D:5      | Reached skill level 6 in Evocations
  2619 | D:5      | Reached XP level 7. HP: 45/58 MP: 11/11
  2699 | D:5      | Gained mutation: Your spells are a little harder to cast, but a little more powerful. [potion of mutation]
  2699 | D:5      | Gained mutation: Your spells are harder to cast, but more powerful. [potion of mutation]
  2699 | D:5      | Gained mutation: You have a somewhat thin skeletal structure (Dex +2, Stealth). [potion of mutation]
  3031 | D:5      | Found a staircase to the Ecumenical Temple.
  3037 | Temple   | Entered the Ecumenical Temple
  3093 | Temple   | Became a worshipper of Pakellas the Inventive
  3240 | D:5      | Noticed Grinder
  3279 | D:5      | Killed Grinder
  3279 | D:5      | Reached XP level 8. HP: 40/67 MP: 11/13
  3368 | D:5      | Reached skill level 5 in Stealth
  3384 | D:5      | Reached skill level 1 in Maces & Flails
  4053 | D:6      | Noticed Sigmund
  4059 | D:6      | Killed Sigmund
  4108 | D:6      | Found Aro Bom's Serpentskin Sales.
  4142 | D:6      | Reached * piety under Pakellas
  4142 | D:6      | Received a gift from Pakellas
  4155 | D:6      | Noticed Menkaure
  4164 | D:6      | Killed Menkaure
  4164 | D:6      | Reached skill level 5 in Dodging
  4164 | D:6      | Reached skill level 7 in Evocations
  4325 | D:6      | Found a deep blue altar of Sif Muna.
  4427 | D:6      | Noticed Blork the orc
  4440 | D:6      | Killed Blork the orc
  4440 | D:6      | Reached skill level 5 in Shields
  4494 | D:6      | Gained mutation: You passively map the area around you. [Deep Dwarf growth]
  4494 | D:6      | Reached XP level 9. HP: 39/74 MP: 11/14
  4647 | D:6      | Reached skill level 5 in Armour
  5061 | D:7      | Found an opulent altar of Gozag.
  5062 | D:7      | Noticed a troll
  5077 | D:7      | Killed a troll
  5105 | D:7      | Found an oddly glowing altar of Pakellas.
  5207 | D:7      | Found a shadowy altar of Dithmenos.
  5337 | D:7      | Noticed an octopode
  5337 | D:7      | a hippogriff changed into an octopode
  5338 | D:7      | Noticed a wind drake
  5338 | D:7      | an octopode changed into a wind drake
  5339 | D:7      | Noticed a swamp dragon
  5339 | D:7      | a wind drake changed into a swamp dragon
  5687 | D:8      | Reached skill level 8 in Evocations
  6264 | D:9      | Found Gorikkown's Book Shop.
  6546 | D:9      | Found an ancient bone altar of Kikubaaqudgha.
  6762 | D:9      | Reached ** piety under Pakellas
  6762 | D:9      | Received a gift from Pakellas
  6762 | D:9      | Reached XP level 10. HP: 61/84 MP: 6/16
  7021 | D:9      | Found an iron altar of Okawaru.
  7247 | D:10     | Entered Level 10 of the Dungeon
  7247 | D:10     | Noticed a hill giant
  7263 | D:10     | Noticed a gargoyle
  7270 | D:10     | Killed a hill giant
  7270 | D:10     | Reached skill level 9 in Evocations
  7345 | D:10     | Found a staircase to the Orcish Mines.
  7356 | D:10     | Found a roughly hewn altar of Beogh.
  7477 | D:10     | Gained mutation: Your flesh is cold resistant. [potion of beneficial mutation]
  7494 | D:10     | Gained mutation: You are surrounded by a mild repulsion field (EV +2). [potion of beneficial mutation]
  7505 | D:10     | Noticed Nergalle
  7521 | D:10     | Noticed a spectral orc warlord
  7675 | D:7      | Killed a swamp dragon
  7873 | D:7      | Found a glowing golden altar of the Shining One.
  8472 | D:10     | Killed Nergalle
  8472 | D:10     | Reached skill level 5 in Maces & Flails
  8472 | D:10     | Reached skill level 10 in Evocations
  8580 | D:10     | Noticed an ogre mage
  8588 | D:10     | Killed an ogre mage
  8769 | D:10     | Reached XP level 11. HP: 71/93 MP: 3/18
  8834 | D:10     | Noticed a brown ugly thing
  8893 | D:10     | Killed a brown ugly thing
  8916 | D:10     | Got a black opal-encrusted chain mail
  8929 | D:10     | Identified the cursed +0 chain mail of the Oligarchy {rC+ Int+2} (You found it on level 10 of the Dungeon)
  9139 | D:10     | Reached *** piety under Pakellas
  9139 | D:10     | Received a gift from Pakellas
  9189 | D:11     | Found a staircase to the Lair.
  9199 | D:11     | Noticed an unseen horror
  9206 | D:11     | Killed an unseen horror
  9295 | D:11     | Noticed Harold
  9325 | D:11     | Killed Harold
  9325 | D:11     | Reached skill level 11 in Evocations
  9751 | D:11     | Noticed a brown ugly thing
  9800 | D:11     | Killed a brown ugly thing
 10032 | Lair:1   | Entered Level 1 of the Lair of Beasts
 10341 | Lair:1   | Reached skill level 5 in Fighting
 12193 | Lair:2   | Got a crude robe
 12203 | Lair:2   | Identified the +2 robe of the Falcon {rElec} (You found it on level 2 of the Lair of Beasts)
 12475 | Lair:3   | Reached skill level 12 in Evocations
 12556 | Lair:3   | Killed a black mamba
 12556 | Lair:3   | Reached XP level 12. HP: 75/104 MP: 7/21
 13041 | Lair:3   | Found a staircase to the Shoals.
 13267 | Lair:3   | Got an iridescent hand axe
 13268 | Lair:3   | Identified the cursed +1 hand axe "Watyoc" {chop, rElec MP+9 Int+4} (You found it on level 3 of the Lair of Beasts)
 14521 | Lair:5   | Noticed an eight-headed hydra
 14533 | Lair:5   | Killed an eight-headed hydra
 14694 | Lair:5   | Noticed Kirke
 14707 | Lair:5   | Noticed a sphinx
 14710 | Lair:5   | Noticed a sphinx
 14747 | Lair:5   | Noticed a death yak
 14747 | Lair:5   | Noticed a death yak
 14747 | Lair:5   | Noticed a death yak
 14748 | Lair:5   | Noticed a death yak
 14748 | Lair:5   | Noticed a death yak
 14750 | Lair:5   | Killed a death yak
 14751 | Lair:5   | Noticed a death yak
 14753 | Lair:5   | Killed a death yak
 14759 | Lair:5   | Killed a death yak
 14759 | Lair:5   | Reached skill level 13 in Evocations
 14900 | Lair:4   | Killed a death yak
 15029 | Lair:5   | Found a staircase to the Snake Pit.
 15215 | Lair:5   | Killed Kirke
 15215 | Lair:5   | Reached skill level 10 in Stealth
 15559 | Lair:5   | Reached **** piety under Pakellas
 15559 | Lair:5   | Received a gift from Pakellas
 15618 | Lair:5   | Killed a death yak
 15624 | Lair:5   | Killed a death yak
 15624 | Lair:5   | Reached XP level 13. HP: 98/114 MP: 7/23
 16373 | Lair:6   | Found a staircase to the Slime Pits.
 17109 | Lair:7   | Reached skill level 14 in Evocations
 17728 | Lair:7   | Reached skill level 10 in Shields
 18741 | Orc:1    | Entered Level 1 of the Orcish Mines
 18785 | Orc:1    | Noticed Gastronok
 18843 | Orc:1    | Killed Gastronok
 18843 | Orc:1    | Reached skill level 15 in Evocations
 19050 | Orc:1    | Noticed Erica
 19059 | Orc:1    | Killed Erica
 19173 | Orc:2    | Entered Level 2 of the Orcish Mines
 19325 | Orc:2    | Found a staircase to the Elven Halls.
 19352 | Orc:2    | Noticed dvd's ghost (journeyman DsNe)
 19519 | Orc:2    | Gained mutation: You resist negative energy. [Deep Dwarf growth]
 19519 | Orc:2    | Reached XP level 14. HP: 111/123 MP: 2/25
 19589 | Orc:2    | HP: 6/123 [ogre mage/crystal spear (36)]
 19590 | Orc:2    | Mangled by an ogre

Skill      XL: |  1  2  3  4  5  6  7  8  9 10 11 12 13 |
---------------+----------------------------------------+-----
Short Blades   | 1 2 |  2.6
Fighting       | 1 2 3 4 5 6 7 |  7.3
Evocations     | 5 6 7 8 10 12 13 15 | 15.3
Armour         | 1 2 3 4 5 6 7 8 9 |  9.2
Throwing       | 1 2 3 |  3.1
Stealth        | 2 3 4 5 7 9 10 11 | 11.5
Dodging        | 3 4 5 6 7 9 |  9.4
Shields        | 1 2 3 5 6 7 8 9 10 | 10.4
Maces & Flails | 2 3 5 6 8 9 |  9.4

Action                   |  1- 3 |  4- 6 |  7- 9 | 10-12 | 13-15 || total
-------------------------+-------+-------+-------+-------+-------++-------
Melee: Short sword       |    33 |       |       |       |       ||    33
       Dagger            |    60 |   125 |    53 |    40 |    11 ||   289
       Flail             |       |     8 |    85 |   941 |   580 ||  1614
       Whip              |       |       |     9 |       |       ||     9
       Morningstar       |       |       |   219 |   208 |   107 ||   534
Throw: Tomahawk          |    17 |    19 |    17 |    34 |     7 ||    94
Invok: Quick Charge      |       |       |     7 |    39 |    30 ||    76
Evoke: Wand              |    33 |    18 |    55 |   183 |   112 ||   401
       Box of beasts     |       |       |       |     2 |     3 ||     5
       Disc of storms    |       |       |       |       |     7 ||     7
  Use: Potion            |     4 |     3 |     3 |     9 |     6 ||    25
       Scroll            |       |     8 |     8 |     9 |     4 ||    29
 Stab: Paralysed         |     1 |     7 |    23 |    74 |    43 ||   148
       Sleeping          |     1 |       |     5 |    10 |     5 ||    21
       Distracted        |       |       |     1 |     2 |     1 ||     4
       Confused          |       |       |       |    51 |    12 ||    63
  Eat: Chunk             |     2 |     4 |    16 |    36 |    16 ||    74
       Meat ration       |       |       |     2 |       |       ||     2
       Pizza             |       |       |       |     1 |     1 ||     2
Armor: Leather armour    |    28 |     4 |       |       |       ||    32
       Ring mail         |       |    37 |    12 |       |    91 ||   140
       Scale mail        |       |       |    83 |    48 |       ||   131
       Chain mail        |       |       |     3 |   250 |    28 ||   281
Dodge: Dodged            |    41 |    45 |   140 |   406 |   318 ||   950
Block: Shield            |    33 |    40 |   271 |   696 |   406 ||  1446
